 Dungeon Sprint DCSS version 0.22.1-2-g9c5b331383 (webtiles) character file.

1098 Groucho the Cleaver (level 8, -1/69 HPs)
             Began as a Naga Fighter on Nov 24, 2018.
             Was the Champion of Cheibriados.
             Slain by a death cob (23 damage)
             ... in the Dungeon (Sprint VII: "The Pits") on Dec 2, 2018.
             The game lasted 00:05:30 (1228 turns).

Groucho the Cleaver (Naga Fighter)                  Turns: 1228, Time: 00:05:31

Health: -1/69      AC: 13    Str: 34    XL:     8   Next: 32%
Magic:  17/17      EV:  4    Int: 24    God:    Cheibriados [******]
Gold:   0          SH: 12    Dex: 27    Spells: 7/7 levels left

rFire    . . .     SeeInvis +   j - +1 broad axe (freeze)
rCold    . . .     Gourm    .   c - +0 shield
rNeg     . . .     Faith    .   a - +4 chain mail
rPois    +         Spirit   .   l - +0 helmet
rElec    .         Reflect  .   (no cloak)
rCorr    .         Harm     .   (no gloves)
MR       +....     NoTele   +   (no barding)
Stlth    ..........             (no amulet)
HPRegen  0.21/turn              (no ring)
MPRegen  0.15/turn              (no ring)

@: slowed, very slow
A: large, see invisible, deformed body, poison resistance, slowness 2, slow
metabolism 1, spit poison 1, AC +2
a: Spit Poison, Bend Time, Temporal Distortion, Slouch, Step From Time, Renounce
Religion


You were in the Dungeon.
You worshipped Cheibriados.
Cheibriados was exalted by your worship.
You were not hungry.

You visited 1 branch

Inventory:

Hand Weapons
 h - a +2 morningstar of crushing
 j - a +1 broad axe of freezing (weapon)
Missiles
 r - 10 stones (quivered)
Armour
 a - a +4 chain mail (worn)
 c - a +0 shield (worn)
 l - a +0 helmet (worn)
Jewellery
 s - a +3 ring of evasion
 t - a +3 ring of dexterity
Scrolls
 k - a scroll of blinking
 n - 3 scrolls of remove curse
 o - 5 scrolls of amnesia
 p - a scroll of summoning
 q - 2 scrolls of vulnerability
Potions
 b - 5 potions of curing
 d - 3 potions of might
 g - 4 potions of heal wounds
 i - 4 potions of magic
 m - 2 potions of invisibility
 u - a potion of brilliance
 v - a potion of agility
 w - a potion of resistance
Comestibles
 f - 9 rations


   Skills:
 + Level 3.0 Fighting
 + Level 12.5 Axes
 + Level 4.5 Armour
 + Level 0.1 Dodging
 + Level 2.4 Shields
 - Level 12.3 Invocations


You had 7 spell levels left.
You didn't know any spells.
Your spell library was empty.

Dungeon Overview and Level Annotations

Branches:
Dungeon (1/1)

Altars:
Ashenzari
Cheibriados
Dithmenos
Elyvilon
Fedhas
Gozag
Hepliaklqana
Kikubaaqudgha
Makhleb
Nemelex Xobeh
Okawaru
Qazlal
Ru
Sif Muna
Trog
Uskayaw
Vehumet
Wu Jian
Xom
Yredelemnul
Zin
The Shining One
Beogh
Jiyva
Lugonu


Innate Abilities, Weirdness & Mutations

You cannot wear boots.
Your serpentine skin is tough. (AC +2)
You have supernaturally acute eyesight. (SInv)
Armour fits poorly on your strangely shaped body.
Your system is resistant to poisons. (rPois)
You cover ground very slowly.
You have a slow metabolism.
You can spit poison.


Message History

A gnoll comes into view. It is wielding a spear.
A deep troll comes into view.
The death cob hits you. The death cob drains your vigour!
You feel yourself slow down.
A gnoll shaman comes into view. It is wielding a club.
There is an open door, spattered with blood here.
Things that are here:
a whip; a gnoll corpse Unknown command.
The gnoll shouts!
The deep troll shouts!
The death cob hits you but does no damage.
The death cob hits you! The death cob drains your vigour!
You feel as though you will be slow longer.
You block the death cob's attack. x2
The death cob hits you but does no damage. x2
You block the death cob's attack.
The worker ant bites you but does no damage.
The death cob hits you!! The worker ant barely misses you.
You block the gnoll's attack. The death cob hits you!!
You die...

...#..#......#
.............+
.............+
...#..#......#
.............#
'#####''#####
....##''################
....##..#....ggT.......#
....##..##...gaz@.......
<...##..####..g#)######.
....##..#..#####.##
....##..#....##...#
....##..')....#...#
######..'.....'...+
######..'.....#...#
.![[##..#....##...#
..[.##..#..#####.##


You could see a death cob, a deep troll, a gnoll shaman, a worker ant and 3
gnolls.

Vanquished Creatures
  A spiny frog (D)
  A red devil (D)
  A wyvern (D)
  Purgy (D)
  An ogre (D)
  2 scorpions (D)
  2 quasits (D)
  A hound (D)
  2 worker ants (D)
  A gnoll (D)
  A white imp (D)
  An ufetubus (D)
  An ooze (D)
  An adder skeleton (D)
  A leopard gecko (D)
  An orc (D)
  A bat skeleton (D)
  A goblin (D)
  A hobgoblin (D)
  4 jackals (D)
  A kobold (D)
  2 ball pythons (D)
  A frilled lizard (D)
  A leopard gecko zombie (D)
  A rat (D)
32 creatures vanquished.

Notes
Turn   | Place    | Note
-------+----------+-------------------------------------------
     0 | D        | Groucho the Naga Fighter began the quest for the Orb.
     0 | D        | Reached XP level 1. HP: 21/21 MP: 1/1
    53 | D        | Found a bloodstained altar of Trog.
    53 | D        | Found a deep blue altar of Sif Muna.
    53 | D        | Found a viscous altar of Jiyva.
    53 | D        | Found a hazy altar of Hepliaklqana.
    53 | D        | Found an opulent altar of Gozag.
    54 | D        | Found a glowing golden altar of the Shining One.
    54 | D        | Found a glowing silver altar of Zin.
    54 | D        | Found a basalt altar of Yredelemnul.
    54 | D        | Found a shimmering altar of Xom.
    54 | D        | Found an ornate altar of the Wu Jian Council.
    54 | D        | Found a sacrificial altar of Ru.
    54 | D        | Found a stormy altar of Qazlal.
    54 | D        | Found an iron altar of Okawaru.
    54 | D        | Found a sparkling altar of Nemelex Xobeh.
    54 | D        | Found a burning altar of Makhleb.
    54 | D        | Found a blossoming altar of Fedhas.
    54 | D        | Found a white marble altar of Elyvilon.
    54 | D        | Found a shadowy altar of Dithmenos.
    54 | D        | Found a snail-covered altar of Cheibriados.
    58 | D        | Found a roughly hewn altar of Beogh.
    58 | D        | Found a corrupted altar of Lugonu.
    58 | D        | Found a radiant altar of Vehumet.
    59 | D        | Found a shattered altar of Ashenzari.
    59 | D        | Found an ancient bone altar of Kikubaaqudgha.
    59 | D        | Found a hide-covered altar of Uskayaw.
    65 | D        | Became a worshipper of Cheibriados the Contemplative
    86 | D        | Reached * piety under Cheibriados
    86 | D        | Reached skill level 1 in Invocations
    89 | D        | Reached ** piety under Cheibriados
    90 | D        | Reached XP level 2. HP: 25/28 MP: 1/3
   116 | D        | Reached *** piety under Cheibriados
   125 | D        | Reached **** piety under Cheibriados
   140 | D        | Reached ***** piety under Cheibriados
   212 | D        | Reached skill level 5 in Axes
   212 | D        | Reached skill level 5 in Invocations
   212 | D        | Reached XP level 3. HP: 28/34 MP: 4/6
   215 | D        | Noticed an ogre
   220 | D        | Reached XP level 4. HP: 24/42 MP: 5/7
   223 | D        | Killed an ogre
   223 | D        | Reached XP level 5. HP: 29/49 MP: 6/10
   350 | D        | Reached ****** piety under Cheibriados
   372 | D        | Noticed a spiny frog
   381 | D        | HP: 2/49 [spiny frog (4)]
   388 | D        | Killed a spiny frog
   388 | D        | Reached skill level 10 in Axes
   388 | D        | Reached skill level 10 in Invocations
   388 | D        | Reached XP level 6. HP: 50/56 MP: 11/14
   388 | D        | Reached XP level 7. HP: 55/62 MP: 11/15
   649 | D        | Noticed a wyvern
   650 | D        | Killed a wyvern
  1007 | D        | Noticed a red devil
  1007 | D        | Noticed Purgy
  1009 | D        | Killed a red devil
  1009 | D        | Reached XP level 8. HP: 69/69 MP: 17/17
  1010 | D        | Killed Purgy
  1227 | D        | Noticed a death cob
  1227 | D        | Noticed a deep troll
  1228 | D        | Slain by a death cob

Skill      XL: |  1  2  3  4  5  6  7 |
---------------+----------------------+-----
Axes           | 3 5 7 10 12 | 12.5
Invocations    | 1 5 7 10 12 | 12.3
Armour         | 4 |  4.5
Fighting       | |  3.0
Dodging        | |  0.1
Shields        | |  2.4

Action                   |  1- 3 |  4- 6 |  7- 9 || total
-------------------------+-------+-------+-------++-------
Melee: War axe           |    39 |    22 |     2 ||    63
       Broad axe         |       |       |     4 ||     4
Invok: Slouch            |       |       |     3 ||     3
  Use: Potion            |     1 |     2 |       ||     3
Armor: Scale mail        |    10 |       |       ||    10
       Chain mail        |    27 |    12 |     5 ||    44
Dodge: Dodged            |    10 |     8 |     1 ||    19
Block: Shield            |    26 |    20 |     5 ||    51
